PCL
MEXICO CITY CERVECEROS @ SANTA MONICA BRUINS
06/06/2024
 
TOP OF THE 1ST
Mexico City Cerveceros batting - Pitching for Santa Monica Bruins : LHP Josh Baker
Pitching: LHP Josh Baker
Batting: LHB Chad Weaver 0-0: Foul Ball, location: 2F
0-1: Called Strike
0-2: Ball
1-2: Fly out, F6 (Line Drive, 6)
Batting: LHB Robinson Fernández 0-0: Foul Ball, location: 2F
0-1: Ball
1-1: Foul Ball, location: 2F
1-2: Strikes out looking
Batting: RHB Wallace Greene 0-0: Called Strike
0-1: Fly out, F7 (Flyball, 7D)
Top of the 1st over - 0 run(s), 0 hit(s), 0 error(s), 0 left on base; Mexico City 0 - Santa Monica 0
BOTTOM OF THE 1ST
Santa Monica Bruins batting - Pitching for Mexico City Cerveceros : RHP David Green
Pitching: RHP David Green
Batting: RHB Carlos Carrillo 0-0: Called Strike
0-1: Foul Ball, location: 2F
0-2: Ball
1-2: Ball
2-2: Foul Ball, location: 2F
2-2: Foul Ball, location: 2F
2-2: Ball
3-2: Strikes out swinging
Batting: RHB Motoshige Yagi 0-0: Called Strike
0-1: Ball
1-1: Foul Ball, location: 2F
1-2: Foul Ball, location: 2F
1-2: Ball
2-2: Hit by Pitch
Batting: LHB António Glaviz 0-0: Ball
1-0: Ball
2-0: Called Strike
2-1: SINGLE (Flyball, 8LS)
Motoshige Yagi to second
Runner from 2nd tries for 3rd, SAFE, no throw or cutoff
Batting: LHB Germán Charfauros 0-0: Ball
1-0: Ball
António Glaviz steals 2nd base
2-0: Foul Ball, location: 2F
2-1: Swinging Strike
2-2: Strikes out swinging
Batting: LHB Ken Poche 0-0: Swinging Strike
0-1: Ground out 4-3 (Groundball, 4)
Bottom of the 1st over - 0 run(s), 1 hit(s), 0 error(s), 2 left on base; Mexico City 0 - Santa Monica 0
TOP OF THE 2ND
Mexico City Cerveceros batting - Pitching for Santa Monica Bruins : LHP Josh Baker
Batting: RHB Dave Morgan 0-0: Foul Ball, location: 2F
0-1: Ball
1-1: Swinging Strike
1-2: Ball
2-2: Ball
3-2: Strikes out swinging
Batting: RHB Rafael Rincón 0-0: Ball
1-0: Ball
2-0: Foul Ball, location: 2F
2-1: Ball
3-1: Base on Balls
Batting: RHB Iván Gonzáles 0-0: Called Strike
0-1: Called Strike
0-2: Ball
1-2: Strikes out swinging
Batting: LHB Kevin Beasley 0-0: Ball
1-0: Called Strike
1-1: Ball
2-1: Foul Ball, location: 2F
2-2: Strikes out looking
Top of the 2nd over - 0 run(s), 0 hit(s), 0 error(s), 1 left on base; Mexico City 0 - Santa Monica 0
BOTTOM OF THE 2ND
Santa Monica Bruins batting - Pitching for Mexico City Cerveceros : RHP David Green
Batting: LHB Bob Cunningham 0-0: Ball
1-0: Ball
2-0: Ball
3-0: Base on Balls
Batting: RHB Armando Méndez 0-0: Ball
1-0: SINGLE (Groundball, 6D)
Bob Cunningham to second
Batting: RHB Justin Burgess 0-0: Called Strike
0-1: Ball
1-1: Foul Ball, location: 2F
1-2: Strikes out swinging
Batting: LHB Greg Schultz 0-0: Ball
1-0: Called Strike
1-1: Called Strike
1-2: Foul Ball, location: 2F
1-2: DOUBLE (Line Drive, 89M)
Bob Cunningham scores
Armando Méndez to third
Runner from 3rd tries for Home, SAFE, throw made home
Batting: RHB Carlos Carrillo 0-0: Ball
1-0: Swinging Strike
1-1: Ball
2-1: Fly out, F4 (Popup, 4D)
Batting: RHB Motoshige Yagi 0-0: Called Strike
0-1: Ball
1-1: Ball
2-1: Foul Ball, location: 2F
2-2: Foul Ball, location: 2F
2-2: Strikes out swinging
Bottom of the 2nd over - 2 run(s), 2 hit(s), 0 error(s), 1 left on base; Mexico City 0 - Santa Monica 2
TOP OF THE 3RD
Mexico City Cerveceros batting - Pitching for Santa Monica Bruins : LHP Josh Baker
Batting: LHB Brandon Cummings 0-0: Foul Ball, location: 2F
0-1: Ball
1-1: Called Strike
1-2: Strikes out swinging
Batting: RHB Reynold Akker 0-0: Ball
1-0: SINGLE (Flyball, 78S)
Batting: LHB Chad Weaver 0-0: DOUBLE (Line Drive, 9LM)
Reynold Akker to third
Batting: LHB Robinson Fernández 0-0: Ball
1-0: Ball
2-0: Swinging Strike
2-1: Foul Ball, location: 2F
2-2: Strikes out looking
Batting: RHB Wallace Greene 0-0: DOUBLE (Line Drive, 89S)
Reynold Akker scores
Chad Weaver scores
Batting: RHB Dave Morgan 0-0: Called Strike
0-1: Swinging Strike
0-2: Ball
1-2: Foul Ball, location: 2F
1-2: Ground out 6-3 (Groundball, 6D)
Top of the 3rd over - 2 run(s), 3 hit(s), 0 error(s), 1 left on base; Mexico City 2 - Santa Monica 2
BOTTOM OF THE 3RD
Santa Monica Bruins batting - Pitching for Mexico City Cerveceros : RHP David Green
Batting: LHB António Glaviz 0-0: Ball
1-0: Ground out 6-3 (Groundball, 6)
Batting: LHB Germán Charfauros 0-0: Called Strike
0-1: Reached on error, E4 (Groundball, 4)
Batting: LHB Ken Poche 0-0: Called Strike
0-1: Ball
1-1: SINGLE (Line Drive, 78S)
Germán Charfauros to second
Batting: LHB Bob Cunningham 0-0: Ball
1-0: Ball
2-0: Ball
3-0: Called Strike
3-1: Foul Ball, location: 2F
3-2: Base on Balls
Germán Charfauros to third
Ken Poche to second
Batting: RHB Armando Méndez 0-0: Ball
1-0: Foul Ball, location: 2F
1-1: Ball
2-1: Fly out, F6 (Popup, 5)
Batting: RHB Justin Burgess 0-0: Called Strike
0-1: Swinging Strike
0-2: Ball
1-2: Ball
2-2: Strikes out swinging
Bottom of the 3rd over - 0 run(s), 1 hit(s), 1 error(s), 3 left on base; Mexico City 2 - Santa Monica 2
TOP OF THE 4TH
Mexico City Cerveceros batting - Pitching for Santa Monica Bruins : LHP Josh Baker
Batting: RHB Rafael Rincón 0-0: Swinging Strike
0-1: Foul Ball, location: 2F
0-2: Ball
1-2: Ball
2-2: Ball
3-2: Strikes out looking
Batting: RHB Iván Gonzáles 0-0: Swinging Strike
0-1: Ball
1-1: Fly out, F9 (Flyball, 9D)
Batting: LHB Kevin Beasley 0-0: Ball
1-0: Ball
2-0: Ball
3-0: Called Strike
3-1: Base on Balls
Batting: LHB Brandon Cummings 0-0: Foul Ball, location: 2F
0-1: Ball
1-1: Ground out 4-3 (Groundball, 4)
Top of the 4th over - 0 run(s), 0 hit(s), 0 error(s), 1 left on base; Mexico City 2 - Santa Monica 2
BOTTOM OF THE 4TH
Santa Monica Bruins batting - Pitching for Mexico City Cerveceros : RHP David Green
Batting: LHB Greg Schultz 0-0: Called Strike
0-1: Ball
1-1: Ball
2-1: Ball
3-1: DOUBLE (Flyball, 7LM)
Batting: RHB Carlos Carrillo 0-0: Ball
1-0: Called Strike
1-1: Ball
2-1: Foul Ball, location: 2F
2-2: Strikes out swinging
Batting: RHB Motoshige Yagi 0-0: Ball
Passed Ball!
Greg Schultz to third
1-0: Swinging Strike
1-1: Ball
2-1: Foul Ball, location: 2F
2-2: Ground out 6-3 (Groundball, 6)
Greg Schultz scores
Batting: LHB António Glaviz 0-0: Fly out, F7 (Line Drive, 7S)
Bottom of the 4th over - 1 run(s), 1 hit(s), 0 error(s), 0 left on base; Mexico City 2 - Santa Monica 3
TOP OF THE 5TH
Mexico City Cerveceros batting - Pitching for Santa Monica Bruins : LHP Josh Baker
Batting: RHB Reynold Akker 0-0: Ball
1-0: Foul Ball, location: 2F
1-1: Called Strike
1-2: Ball
2-2: Ball
3-2: Foul Ball, location: 2F
3-2: Fly out, F8 (Flyball, 8RXD)
Batting: LHB Chad Weaver 0-0: Ball
1-0: Ball
2-0: Called Strike
2-1: Ball
3-1: Swinging Strike
3-2: Base on Balls
Batting: LHB Robinson Fernández 0-0: Ball
1-0: Foul Ball, location: 2F
1-1: Swinging Strike
1-2: Foul Ball, location: 2F
1-2: Ball
2-2: Ball
3-2: Grounds into double play, 1-4-3 (Groundball, 13)
Top of the 5th over - 0 run(s), 0 hit(s), 0 error(s), 0 left on base; Mexico City 2 - Santa Monica 3
BOTTOM OF THE 5TH
Santa Monica Bruins batting - Pitching for Mexico City Cerveceros : RHP David Green
Batting: LHB Germán Charfauros 0-0: Foul Ball, location: 2F
0-1: Ball
1-1: Ball
2-1: Foul Ball, location: 2F
2-2: Fly out, F4 (Popup, 34)
Batting: LHB Ken Poche 0-0: Ball
1-0: Foul Ball, location: 2F
1-1: Called Strike
1-2: Fly out, F9 (Flyball, 89M)
Batting: LHB Bob Cunningham 0-0: Ball
1-0: Swinging Strike
1-1: Called Strike
1-2: Ball
2-2: Strikes out swinging
Bottom of the 5th over - 0 run(s), 0 hit(s), 0 error(s), 0 left on base; Mexico City 2 - Santa Monica 3
TOP OF THE 6TH
Mexico City Cerveceros batting - Pitching for Santa Monica Bruins : LHP Josh Baker
Batting: RHB Wallace Greene 0-0: Ball
1-0: Ball
2-0: Ball
3-0: Called Strike
3-1: Swinging Strike
3-2: Strikes out swinging
Batting: RHB Dave Morgan 0-0: Called Strike
0-1: Swinging Strike
0-2: Ball
1-2: Ball
2-2: Ground out 5-3 (Groundball, 56)
Batting: RHB Rafael Rincón 0-0: Foul Ball, location: 2F
0-1: Ball
1-1: Ball
2-1: Ground out 5-3 (Groundball, 5S)
Top of the 6th over - 0 run(s), 0 hit(s), 0 error(s), 0 left on base; Mexico City 2 - Santa Monica 3
BOTTOM OF THE 6TH
Santa Monica Bruins batting - Pitching for Mexico City Cerveceros : RHP David Green
Pitching: RHP Troy Hawkins
Batting: RHB Armando Méndez 0-0: Ball
1-0: Called Strike
1-1: Ball
2-1: Fly out, F6 (Line Drive, 6M)
Batting: RHB Justin Burgess 0-0: Called Strike
0-1: Foul Ball, location: 2F
0-2: Ball
1-2: SINGLE (Groundball, 6MD)
Pinch Runner at 1st Alonso Sánchez:
Batting: LHB Greg Schultz 0-0: Called Strike
0-1: Ball
Wild Pitch!
Alonso Sánchez to second
1-1: Called Strike
1-2: Ball
2-2: DOUBLE (Line Drive, 89D)
Alonso Sánchez scores
Batting: RHB Carlos Carrillo 0-0: Swinging Strike
0-1: Foul Ball, location: 2F
0-2: Ball
1-2: Foul Ball, location: 2F
1-2: Fly out, F7 (Popup, 5D)
Batting: RHB Motoshige Yagi 0-0: Ball
1-0: Called Strike
1-1: Foul Ball, location: 2F
1-2: Fly out, F7 (Flyball, 7M)
Bottom of the 6th over - 1 run(s), 2 hit(s), 0 error(s), 1 left on base; Mexico City 2 - Santa Monica 4
TOP OF THE 7TH
Mexico City Cerveceros batting - Pitching for Santa Monica Bruins : LHP Josh Baker
Pitching: RHP Javier Correa
Now at SS: Mark Hosley
Batting: RHB Iván Gonzáles 0-0: Ball
1-0: Ground out 5-3 (Groundball, 56S)
Batting: LHB Kevin Beasley 0-0: Fly out, F9 (Flyball, 89D)
Batting: LHB Brandon Cummings 0-0: Called Strike
0-1: Foul Ball, location: 2F
0-2: Strikes out looking
Top of the 7th over - 0 run(s), 0 hit(s), 0 error(s), 0 left on base; Mexico City 2 - Santa Monica 4
BOTTOM OF THE 7TH
Santa Monica Bruins batting - Pitching for Mexico City Cerveceros : RHP Troy Hawkins
Batting: LHB António Glaviz 0-0: Called Strike
0-1: Swinging Strike
0-2: Strikes out looking
Batting: LHB Germán Charfauros 0-0: DOUBLE (Line Drive, 89XD)
Batting: LHB Ken Poche 0-0: Called Strike
0-1: Ball
1-1: Swinging Strike
1-2: SINGLE (Groundball, 6MD)
Germán Charfauros to third
Runner from 3rd tries for Home, SAFE, throw made home
Ken Poche to second
Batting: LHB Bob Cunningham 0-0: Called Strike
0-1: Swinging Strike
0-2: SINGLE (Groundball, 56D)
Ken Poche to third
Runner from 3rd tries for Home, SAFE, throw made home
Bob Cunningham to second
Pitching: RHP Leonard Lewis
Batting: RHB Armando Méndez 0-0: Ball
1-0: Ball
2-0: Ball
3-0: Called Strike
3-1: Called Strike
3-2: SINGLE (Line Drive, 5D)
Bob Cunningham to third
Batting: RHB Mark Hosley 0-0: Foul Ball, location: 2F
0-1: Ball
Armando Méndez steals 2nd base
1-1: Fly out, F7 (Line Drive, 7M)
Runner from 3rd tags up, SCORES, throw made
Batting: LHB Greg Schultz 0-0: Ball
1-0: Foul Ball, location: 2F
1-1: Swinging Strike
1-2: Foul Ball, location: 2F
1-2: Foul Ball, location: 2F
1-2: Ball
Balk!
Armando Méndez to third
2-2: Strikes out swinging
Bottom of the 7th over - 3 run(s), 4 hit(s), 0 error(s), 1 left on base; Mexico City 2 - Santa Monica 7
TOP OF THE 8TH
Mexico City Cerveceros batting - Pitching for Santa Monica Bruins : RHP Javier Correa
Now in RF: Rob Bailey
Batting: RHB Reynold Akker 0-0: Called Strike
0-1: DOUBLE (Flyball, 89XD)
Batting: LHB Chad Weaver 0-0: Called Strike
0-1: Ground out 2-3 (Groundball, 2L)
Reynold Akker to third
Batting: LHB Robinson Fernández 0-0: Foul Ball, location: 2F
0-1: Ball
1-1: Ball
2-1: Fly out, F5 (Popup, 5F)
Batting: RHB Wallace Greene 0-0: Ball
1-0: Fly out, F8 (Flyball, 8RS)
Top of the 8th over - 0 run(s), 1 hit(s), 0 error(s), 1 left on base; Mexico City 2 - Santa Monica 7
BOTTOM OF THE 8TH
Santa Monica Bruins batting - Pitching for Mexico City Cerveceros : RHP Leonard Lewis
Batting: RHB Carlos Carrillo 0-0: Ball
1-0: Foul Ball, location: 2F
1-1: SOLO HOME RUN (Flyball, 7LD), Distance : 337 ft
Batting: RHB Motoshige Yagi 0-0: Ball
1-0: Called Strike
1-1: Ball
2-1: SINGLE (Line Drive, 7S)
Batting: LHB António Glaviz 0-0: Ball
1-0: Fielders Choice at 2nd, 6-4 (Groundball, 6M)
Batting: LHB Germán Charfauros 0-0: Ball
1-0: Called Strike
1-1: Foul Ball, location: 2F
1-2: Strikes out swinging
Batting: LHB Ken Poche 0-0: Ball
António Glaviz steals 2nd base
1-0: Called Strike
1-1: Ball
2-1: Ground out 5-3 (Groundball, 56S)
Bottom of the 8th over - 1 run(s), 2 hit(s), 0 error(s), 1 left on base; Mexico City 2 - Santa Monica 8
TOP OF THE 9TH
Mexico City Cerveceros batting - Pitching for Santa Monica Bruins : RHP Javier Correa
Now at 1B: Raúl Guerra
Batting: RHB Dave Morgan 0-0: Foul Ball, location: 2F
0-1: Foul Ball, location: 2F
0-2: Ball
1-2: Foul Ball, location: 2F
1-2: SOLO HOME RUN (Flyball, 78XD), Distance : 421 ft
Batting: RHB Rafael Rincón 0-0: Foul Ball, location: 2F
0-1: Foul Ball, location: 2F
0-2: Strikes out looking
Batting: RHB Iván Gonzáles 0-0: Ball
1-0: Ball
2-0: SINGLE (Groundball, 56)
Batting: LHB Kevin Beasley 0-0: Called Strike
0-1: Ball
1-1: Ball
2-1: Swinging Strike
2-2: Foul Ball, location: 2F
2-2: Foul Ball, location: 2F
2-2: Ball
3-2: Grounds into double play, 6-4-3 (Groundball, 6M)
Top of the 9th over - 1 run(s), 2 hit(s), 0 error(s), 0 left on base; Mexico City 3 - Santa Monica 8
This league is powered by Out of the Park Baseball, the baseball management simulation game for PC, Mac and Linux
Saturday, April 9th, 2016 - OOTP Baseball 16.8 Build 38